 Dungeon Crawl Stone Soup version 0.30.0-29-ga12c61a403 (webtiles) character file.

Game seed: 12874642288181264990

23631 javelincjr the Nimble (level 13, -8/148 HPs)
             Began as a Djinni Conjurer on June 12, 2023.
             Was an Elder of Makhleb.
             Mangled by a five-headed hydra (10 damage)
             ... on level 14 of the Dungeon.
             The game lasted 01:00:13 (10338 turns).

javelincjr the Nimble (Djinni Conjurer)            Turns: 10338, Time: 01:00:13

Health: -8/148     AC: 26    Str:  8    XL:     13   Next: 36%
Gold:   997        EV:  2    Int: 21    God:    Makhleb [****..] SH:  5 Dex: 20

rFire   . . .        k - +5 spear "Xaps" {heavy, Fly rC+}
rCold   + . .        S - +0 buckler
rNeg    . . .        b - melded +0 steam dragon scales
rPois   ∞            t - melded +0 helmet
rElec   .            J - melded +2 cloak
rCorr   +            n - melded +1 pair of gloves
SInv    .            (boots unavailable)
Will    +....        c - amulet of regeneration
Stlth   ++           G - ring of resist corrosion
HPRegen 1.24/turn    f - +6 ring of dexterity
MPRegen 0.00/turn

%: infuse magic (-9 HP)
@: tree-form, studying Dodging
A: stationary, stasis, torment immunity, boosted hp, sickness immunity, (fire
resistance 2), (cold vulnerability 1), float, innate caster, HP casting, extra
vitality 1
a: Renounce Religion, Minor Destruction, Lesser Servant of Makhleb, Major
Destruction


You were on level 14 of the Dungeon.
You worshipped Makhleb.
Makhleb was greatly pleased with you.
You were a tree.
You visited 2 branches of the dungeon, and saw 15 of its levels.

You collected 997 gold pieces.

Inventory:

Hand Weapons
 i - the +7 long sword of Nelee {speed, rF++ MP+9}
   (You found it on level 7 of the Dungeon)

   rF:        It greatly protects you from fire.
   MP:        It affects your magic capacity (+9).
 k - the +5 spear "Xaps" (weapon) {heavy, Fly rC+}
   (You found it on level 2 of the Dungeon)

   rC:        It protects you from cold.
   Fly:       It grants you flight.
 l - a +4 quarterstaff of chaos
Missiles
 D - a throwing net
Armour
 b - +0 steam dragon scales (melded)
 d - a +2 leather armour of willpower
 n - a +1 pair of gloves (melded)
 t - a +0 helmet (melded)
 J - a +2 cloak (melded)
 O - +0 acid dragon scales
 S - a +0 buckler (worn)
Jewellery
 c - an amulet of regeneration (around neck)
 f - a +6 ring of dexterity (right branch)
 E - the amulet of Ucheatu {Spirit Harm Fly Int-3 SInv}
   (You found it on level 8 of the Dungeon)

   [amulet of guardian spirit]

   It causes incoming damage to be divided between your reserves of health and
   magic.
   Int:       It affects your intelligence (-3).
   SInv:      It lets you see invisible.
   Fly:       It grants you flight.
   Harm:      It increases damage dealt and taken.
 G - a ring of resist corrosion (left branch)
Wands
 j - a wand of quicksilver (27)
 x - a wand of iceblast (17)
 M - a wand of charming (7)
 P - a wand of mindburst (11)
Scrolls
 e - 4 scrolls of fear
 g - 3 scrolls of magic mapping
 h - 3 scrolls of immolation
 m - 4 scrolls of blinking
 p - a scroll of enchant weapon
 q - 5 scrolls of teleportation
 r - 2 scrolls of poison
 y - a scroll of fog {unknown}
 C - a scroll of enchant armour {unknown}
 H - a scroll of silence {unknown}
Potions
 o - 4 potions of invisibility
 s - a potion of berserk rage
 u - 3 potions of haste
 v - a potion of degeneration
 w - a potion of heal wounds
 z - a potion of attraction
 A - 4 potions of might
 B - a potion of ambrosia
 F - 2 potions of magic
 K - 2 potions of curing
 L - a potion of mutation {unknown}
 N - a potion of cancellation {unknown}
 R - a potion of flight {unknown}
Miscellaneous
 a - a phantom mirror


   Skills:
 * Level 11.5 Fighting
 + Level 6.7 Polearms
 + Level 6.4 Armour
 + Level 11.8 Dodging
 - Level 2.3 Stealth
 + Level 1.9 Shields
 * Level 9.7 Spellcasting
 + Level 4.2 Invocations


You knew the following spells:

 Your Spells              Type           Power      Damage    Failure   Level
a - Magic Dart            Conj           100%       1d8       1%          1
b - Searing Ray           Conj           100%       2d8       1%          2
c - Dazzling Flash        Conj/Hex       100%       N/A       1%          3
d - Fulminant Prism       Conj/Hex       25%        3d14      1%          4
e - Iskenderun's Mystic   Conj/Tloc      50%        2d11      1%          4
f - Foxfire               Conj/Fire      100%       2x1d9     1%          1
g - Wereblood             Tmut           50%        N/A       1%          2
h - Scorch                Fire           100%       2d9       1%          2
i - Leda's Liquefaction   Hex/Erth       25%        N/A       1%          4
j - Animate Armour        Summ/Erth      100%       N/A       1%          4
k - Iskenderun's Battles  Conj           50%        2d10      5%          5
Your spell library was empty.

Dungeon Overview and Level Annotations

Branches:
Dungeon (14/15)            Temple (1/1) D:7            Lair (0/5) D:8
    Orc (0/2) D:10
 Vaults: D:13-14

Altars:
Ashenzari
Cheibriados
Dithmenos
Elyvilon
Fedhas
Gozag
Hepliaklqana
Makhleb
Nemelex Xobeh
Okawaru
Qazlal
Ru
Trog
Uskayaw
Wu Jian
Xom
Yredelemnul
Zin
The Shining One

Shops:
D:3 =


Innate Abilities, Weirdness & Mutations

You are a tree.
Your roots penetrate the ground, keeping you stationary.
You cannot be teleported.
You are immune to unholy pain and torment.
Your maximum health is greatly increased.
Your equipment is partially melded.
You are immune to sickness and miasma.
You are immune to poison.
((Your flesh is very heat resistant. (rF++)))
((You are vulnerable to cold. (rC-)))
You float through the air rather than walking.
You learn spells naturally, not from books.
Your magical power is your life essence.
You have superior vitality. (+4 MHP)


Message History

The five-headed hydra barely misses you. x2
The five-headed hydra bites you but does no damage.
The five-headed hydra bites you!
* * * LOW HITPOINT WARNING * * *
The five-headed hydra bites you but does no damage.
The culicivora bites you!
* * * LOW HITPOINT WARNING * * *
You feel better.
You feel less invigorated. The culicivora bites you!
* * * LOW HITPOINT WARNING * * *
The five-headed hydra bites you.
* * * LOW HITPOINT WARNING * * *
The five-headed hydra bites you but does no damage. x2
You block the five-headed hydra's attack.
The five-headed hydra bites you.
* * * LOW HITPOINT WARNING * * *
The boulder beetle leaps!
Casting: Animate Armour (mildly dangerous; 1% risk of failure)
Confirm with . or Enter, or press ? or * to list all spells.
You erupt in a blast of force!
The mystic blast hits the five-headed hydra!!
The five-headed hydra is moderately wounded.
The five-headed hydra is knocked back by the mystic blast.
The mystic blast hits the culicivora.
The culicivora is lightly wounded.
The culicivora is knocked back by the mystic blast.
* * * LOW HITPOINT WARNING * * *
The culicivora changes into a moth of wrath!
A demon appears!
The boulder beetle curls into a ball and begins rolling!
The moth of wrath goads the five-headed hydra on!
The five-headed hydra goes berserk!
You puncture the five-headed hydra!
The five-headed hydra is heavily wounded.
The five-headed hydra bites you but does no damage. x2
The five-headed hydra bites you!!
* * * LOW HITPOINT WARNING * * *
The five-headed hydra barely misses you.
You block the five-headed hydra's attack.
The five-headed hydra bites you!
You die...

. ##..# ##..##
...###...## ##..##
..
#....○...#####...###
..#
####.B............#
#...
##.####....###.....
#... #.# ###.##
##### #.B# #.# #.#
.##...# #.# #)#
......)## ##♣# #.#
#.....))###.D# #.#
##....#...y4.# #.#
#)... ##.)..## ...>
#...## ..# #....# .
#..#.## #####. ##


You could see a boulder beetle (rolling), a five-headed hydra (berserk, ally
target), a moth of wrath shaped shifter and a friendly orange demon (summoned).

Vanquished Creatures
  Rupert (D:13)
  Agnes (D:14)
  2 centaur warriors
  2 two-headed ogres
  Nergalle (D:10)
  A wizard (D:13)
  Pikel (D:6)
  An orc knight (D:14)
  4 ugly things
  A manticore (D:12)
  4 cyclopes
  Maggie (D:9)
  A kobold demonologist (D:13)
  An unseen horror (D:11)
  3 trolls
  Grinder (D:3)
  4 slime creatures
  A wraith (D:11)
  2 wyverns
  27 yaks
  3 basilisks
  Eustachio (D:4)
  A vampire mosquito (D:11)
  2 acid dragons (D:12)
  Duvessa (D:6)
  3 water moccasins
  3 ice beasts
  4 orc warriors
  A sky beast (D:7)
  3 ogres
  4 centaurs
  4 lemures (D:6)
  4 kobold brigands
  A gnoll sergeant (D:12)
  5 bullfrogs
  A water moccasin zombie (D:3)
  8 wights
  Dowan (D:6)
  5 killer bees (D:11)
  11 howler monkeys
  5 lava snakes (D:8)
  4 orc priests
  Crazy Yiuf (D:7)
  2 gnoll boudas
  4 hounds
  2 jellies
  2 sleepcaps
  5 iguanas
  12 orc wizards
  A howler monkey zombie (D:3)
  23 gnolls
  7 adders
  2 shadow imps
  4 white imps
  5 ufetubi
  An adder zombie (D:3)
  A worm (D:2)
  4 dart slugs
  39 orcs
  10 ball pythons
  5 endoplasms
  3 giant cockroaches
  7 goblins
  5 hobgoblins
  5 jackals
  2 quokkas (D:1)
  A ball python zombie (D:3)
  3 bats (D:1)
  5 frilled lizards
  17 kobolds
  8 rats
  3 foxfires
324 creatures vanquished.

Vanquished Creatures (collateral kills)
  A vampire mosquito (D:11)
1 creature vanquished.

Vanquished Creatures (others)
  599 foxfires
  65 fulminant prisms
664 creatures vanquished.

Grand Total: 989 creatures vanquished

Notes
Turn   | Place    | Note
-------+----------+-------------------------------------------
     0 | D:1      | javelincjr the Djinni Conjurer began the quest for the Orb.
     0 | D:1      | javelincjr set off with the following spells memorised:
                  | Magic Dart, Searing Ray, Dazzling Flash, Fulminant Prism,
                  | Iskenderun's Mystic Blast.
     0 | D:1      | Reached XP level 1. HP: 15/15 MP: 0/0
   171 | D:1      | Reached XP level 2. HP: 20/21 MP: 0/0
   361 | D:1      | Reached XP level 3. HP: 25/25 MP: 0/0
   361 | D:1      | Learned a level 1 spell: Foxfire
   533 | D:1      | Found a faded altar of an unknown god.
   890 | D:2      | Identified the +5 spear "Xaps" {heavy, Fly rC+}
   934 | D:2      | Reached XP level 4. HP: 30/31 MP: 0/0
  1262 | D:3      | Noticed a +0 spear
  1262 | D:3      | Noticed a +0 short sword
  1262 | D:3      | Noticed a +0 dagger
  1262 | D:3      | Noticed a +0 dagger
  1264 | D:3      | Noticed a +0 falchion
  1264 | D:3      | Noticed a +0 short sword
  1265 | D:3      | Noticed a +0 falchion
  1270 | D:3      | Noticed a +0 spear
  1290 | D:3      | Reached skill level 1 in Fighting
  1298 | D:3      | Found Doohe's One-of-a-Kind Rings.
  1464 | D:3      | Reached XP level 5. HP: 33/37 MP: 0/0
  1464 | D:3      | Learned a level 2 spell: Wereblood
  1575 | D:3      | Reached skill level 1 in Polearms
  1622 | D:3      | Reached XP level 6. HP: 37/45 MP: 0/0
  1640 | D:3      | Found a basalt altar of Yredelemnul.
  1640 | D:3      | Noticed Grinder
  1645 | D:3      | Killed Grinder
  1646 | D:3      | Reached XP level 7. HP: 50/50 MP: 0/0
  1646 | D:3      | Learned a level 2 spell: Scorch
  1742 | D:3      | Found a hide-covered altar of Uskayaw.
  2343 | D:4      | Found a bloodstained altar of Trog.
  2451 | D:4      | Noticed Eustachio
  2464 | D:4      | Killed Eustachio
  2465 | D:4      | Reached XP level 8. HP: 36/58 MP: 0/0
  2808 | D:5      | Entered Level 5 of the Dungeon
  2813 | D:5      | Reached skill level 5 in Spellcasting
  3096 | D:5      | Reached skill level 5 in Fighting
  3140 | D:5      | Found a sparkling altar of Nemelex Xobeh.
  3222 | D:5      | Found a white marble altar of Elyvilon.
  3432 | D:6      | Found a hazy altar of Hepliaklqana.
  3433 | D:6      | Found a shimmering altar of Xom.
  3435 | D:6      | Noticed a spectral ugly thing
  3450 | D:6      | Reached skill level 5 in Dodging
  3613 | D:6      | Noticed Pikel
  3626 | D:6      | Killed Pikel
  3627 | D:6      | Reached XP level 9. HP: 38/66 MP: 0/0
  3627 | D:6      | Learned a level 4 spell: Leda's Liquefaction
  4018 | D:6      | Noticed Duvessa
  4018 | D:6      | Noticed Dowan
  4024 | D:6      | Killed Dowan
  4032 | D:6      | Killed Duvessa
  4267 | D:7      | Found a staircase to the Ecumenical Temple.
  4273 | Temple   | Entered the Ecumenical Temple
  4287 | Temple   | Became a worshipper of Makhleb the Destroyer
  4314 | D:7      | Identified a scroll of acquirement
  4314 | D:7      | Acquired a manual of Dodging
  4385 | D:7      | Found a glowing silver altar of Zin.
  4427 | D:7      | Reached skill level 1 in Armour
  4476 | D:7      | Reached XP level 10. HP: 53/75 MP: 0/0
  4659 | D:7      | Reached * piety under Makhleb
  4726 | D:7      | Identified the +7 long sword of Nelee {speed, rF++ MP+9}
  4774 | D:7      | Found a runed translucent door.
  4775 | D:7      | Noticed Crazy Yiuf
  4848 | D:7      | Killed Crazy Yiuf
  5095 | D:8      | Identified the amulet of Ucheatu {Spirit Harm Fly Int-3
                  | SInv}
  5173 | D:8      | Found a sacrificial altar of Ru.
  5480 | D:8      | Reached ** piety under Makhleb
  5620 | D:8      | Found a staircase to the Lair.
  5862 | D:9      | Noticed Maggie
  5874 | D:9      | Reached XP level 11. HP: 22/82 MP: 0/0
  5874 | D:9      | Learned a level 4 spell: Animate Armour
  5877 | D:9      | Killed Maggie
  6024 | D:9      | Reached skill level 5 in Polearms
  6893 | D:10     | Entered Level 10 of the Dungeon
  6934 | D:10     | Reached *** piety under Makhleb
  6965 | D:10     | Found a staircase to the Orcish Mines.
  7048 | D:10     | Noticed a two-headed ogre
  7057 | D:10     | Killed a two-headed ogre
  7097 | D:10     | Noticed Nergalle
  7107 | D:10     | Killed Nergalle
  7377 | D:10     | Found a broken altar of Ashenzari.
  7791 | D:11     | Reached skill level 10 in Dodging
  7867 | D:11     | Noticed a two-headed ogre
  7880 | D:11     | Killed a two-headed ogre
  7881 | D:11     | Reached skill level 10 in Fighting
  7881 | D:11     | Reached skill level 1 in Invocations
  7881 | D:11     | Reached XP level 12. HP: 77/91 MP: 0/0
  8209 | D:11     | Reached skill level 5 in Armour
  8584 | D:12     | Reached **** piety under Makhleb
  9465 | D:13     | Noticed a centaur warrior
  9482 | D:13     | Killed a centaur warrior
  9549 | D:13     | Noticed Rupert
  9563 | D:13     | Killed Rupert
  9564 | D:13     | Reached XP level 13. HP: 81/99 MP: 0/0
  9564 | D:13     | Learned a level 5 spell: Iskenderun's Battlesphere
 10067 | D:14     | Noticed Agnes
 10072 | D:14     | Killed Agnes
 10210 | D:14     | Reached skill level 1 in Shields
 10289 | D:14     | Noticed a centaur warrior
 10305 | D:14     | Killed a centaur warrior
 10326 | D:14     | Noticed a five-headed hydra
 10338 | D:14     | HP: 2/148 [five-headed hydra (18)]
 10338 | D:14     | Mangled by a five-headed hydra

Illustrated notes

Levels and vault maps discovered:
D:1:      co_arrival_random_square_maze, layout_basic,
          ebering_ecumenical_altar_petrified, minmay_crystal_water
D:2:      layout_basic, corexii_leaking_fountain
D:3:      layout_rooms, nicolae_uskayaw_en_pointe,
          nicolae_yredelemnul_corpse_copse, nicolae_shop_unique_rings,
          st_stairs_9, uniq_grinder
D:4:      layout_rooms, amcnicky_altar_gilded, serial_demonic, serial_demonic_g,
          serial_demonic_d, serial_demonic_a, serial_demonic_g,
          roderic_serpentine_path, minmay_misc_feat_secret_circle,
          uniq_eustachio
D:5:      layout_basic, elyvilon_altar_3,
          chequers_temple_overflow_statue_of_worship,
          chequers_serial_rivers_micro_c
D:6:      layout_basic, regret_index_temple_of_mockery, uniq_pikel, uniq_duvessa
D:7:      layout_rooms, lemuel_tele_altar, temple_green, corexii_hall_statues_s,
          hangedman_decor_clover_reticule, minmay_misc_feat_nine_boxes,
          kennysheep_generic_room_14, uniq_crazy_yiuf_cottage
D:8:      layout_rooms, nicolae_ru_great_annihilating_truth,
          lemuel_coloured_pillars_altar, lair_entry_dummy, kennysheep_boxes
D:9:      layout_basic, uniq_maggie
D:10:     layout_small_grid, nicolae_ashenzari_skybound, orc_0_dummy,
          lemuel_flame_loot_1, uniq_nergalle
D:11:     layout_stronghold
D:12:     layout_gridville
D:13:     layout_stronghold, uniq_rupert
D:14:     minmay_the_grid_four_pointed_star_mashed
          [minmay_the_grid_triangle_9x9_zippers_horizontal,
          minmay_the_grid_triangle_9x9_intruding_spiral,
          minmay_the_grid_triangle_9x9_warning,
          minmay_the_grid_triangle_9x9_descending_squares,
          minmay_the_grid_prize_diamond_cup], layout_layer_cave,
          grunt_vaults_entry_tiered, serial_shops, shop, roderic_three_in_a_row,
          uniq_agnes
Temple:   hellmonk_temple_rainy

Skill      XL: |  1  2  3  4  5  6  7  8  9 10 11 12 13 |
---------------+----------------------------------------+-----
Stealth        | 2 |  2.3
Dodging        | 3 4 5 6 8 10 11 | 11.8
Fighting       | 1 2 3 4 6 7 8 10 11 | 11.5
Polearms       | 1 2 3 4 5 6 |  6.7
Spellcasting   | 4 5 6 7 8 9 |  9.7
Armour         | 1 3 4 5 6 |  6.4
Invocations    | 1 3 4 |  4.2
Shields        | 1 |  1.9

Action                     |  1- 3 |  4- 6 |  7- 9 | 10-12 | 13-15 || total
---------------------------+-------+-------+-------+-------+-------++-------
  Melee: Dagger            |     5 |       |       |       |       ||     5
         Unarmed           |     3 |       |       |       |       ||     3
         Spear             |     2 |    60 |   125 |   242 |    10 ||   439
         Punch             |       |       |     1 |     3 |       ||     4
   Cast: Magic Dart        |    69 |    19 |       |     1 |       ||    89
         Searing Ray       |       |     3 |       |     1 |       ||     4
         Fulminant Prism   |       |     1 |    13 |    38 |    13 ||    65
         Iskenderun's Myst |       |       |    11 |    82 |    22 ||   115
         Foxfire           |       |       |   101 |   254 |     7 ||   362
         Scorch            |       |       |     1 |     6 |     1 ||     8
         Wereblood         |       |       |     3 |     9 |       ||    12
         Leda's Liquefacti |       |       |       |     1 |       ||     1
         Animate Armour    |       |       |       |     5 |     1 ||     6
         Iskenderun's Batt |       |       |       |       |     4 ||     4
 Invoke: Lesser Servant of |       |       |       |       |     1 ||     1
    Use: Potion            |       |       |     2 |     3 |     6 ||    11
         Scroll            |       |       |     8 |     8 |     2 ||    18
   Stab: Sleeping          |     1 |     5 |     1 |     1 |       ||     8
 Armour: Robe              |     7 |    10 |    37 |     3 |       ||    57
         Leather armour    |       |       |       |    17 |       ||    17
         Steam dragon scal |       |       |       |    59 |     5 ||    64
         Skin              |       |       |       |       |    19 ||    19
  Dodge: Dodged            |    13 |    45 |   124 |   235 |    30 ||   447
  Block: Buckler           |       |       |       |       |     5 ||     5
